 Dungeon Crawl Stone Soup version 0.28-a0-1518-gbe868bca14 (webtiles) character file.

Game seed: 5235595145585986364

0 Lekart the Skirmisher (level 1, -12/19 HPs)
             Began as a Draconian Abyssal Knight on Jan 17, 2022.
             Was a Follower of Lugonu.
             Mangled by a spatial maelstrom (18 damage)
             ... on level 2 of the Abyss.
             The game lasted 00:00:49 (98 turns).

Lekart the Skirmisher (Draconian Abyssal Knight)      Turns: 98, Time: 00:00:49

Health: -12/19     AC:  4    Str: 15      XL:     1   Next: 0%
Magic:  2/2        EV: 12    Int: 10      God:    Lugonu [*.....]
Gold:   0          SH:  0    Dex:  8 (11) Spells: 0/0 levels left

rFire   . . .      SeeInvis .   a - +1 falchion
rCold   . . .      Faith    .   (no shield)
rNeg    . . .      Spirit   .   (armour unavailable)
rPois   .          Reflect  .   (helmet restricted)
rElec   .          Harm     .   (no cloak)
rCorr   .          Rampage  .   (no gloves)
Will    .....                   (no boots)
Stlth   +.........              (no amulet)
HPRegen 0.06/turn               (no ring)
MPRegen 0.08/turn               (no ring)

@: confused
A: AC +4, unfitting armour, cold-blooded
a: Renounce Religion, Depart the Abyss


You were on level 2 of the Abyss.
You worshipped Lugonu.
Lugonu was aware of your devotion.
You visited 0 branches of the dungeon, and saw 0 of its levels.
You visited the Abyss 1 time.

Inventory:

Hand Weapons
 a - a +1 falchion (weapon)


   Skills:
 + Level 3.2 Fighting
 + Level 2.0 Long Blades
 + Level 2.1 Dodging
 + Level 2.0 Invocations


You couldn't memorise any spells.
You didn't know any spells.
Your spell library was empty.

Dungeon Overview and Level Annotations

Branches:
Dungeon (0/15)

Altars:


Innate Abilities, Weirdness & Mutations

Your plain brown scales are hard. (AC +4)
You cannot fit into any form of body armour.
You are cold-blooded and may be slowed by cold attacks.


Message History

You kill the quasit!
That felt strangely unrewarding.
The golden eye blinks at you. You resist with almost no effort.
The golden eye blinks at you.
You are more confused.
The golden eye blinks at you.
You bump into the crystal wall.
The substance of the Abyss twists violently, and a gateway leading out appears!
The golden eye blinks at you.
You are more confused.
The golden eye blinks at you. You resist with some effort.
The golden eye blinks!
You are too confused!
Unknown command.
You nearly stumble into some lava!
The golden eye turns its gaze towards you. x2
The golden eye blinks at you.
You are more confused.
The golden eye blinks at you.
You're too confused to move!
The golden eye turns its gaze towards you.
A spatial vortex comes into view.
An iron imp comes into view.
The golden eye turns its gaze towards you.
The iron imp shouts!
The golden eye blinks at you.
You are more confused.
The golden eye turns its gaze towards you.
The golden eye blinks at you.
You are more confused. 2 spatial vortices come into view.
The golden eye blinks at you.
You are more confused.
The golden eye blinks at you. x3
You bump into the crystal wall.
The golden eye turns its gaze towards you. x2
The spatial maelstrom hits you. Space warps horribly around you!!
Ouch! That really hurt!
You die...

. ≈ ≈§≈ ≈# . ...#
§ § ≈ ≈ ≈§ #.....#
≈ ≈§> § ≈ #. . . §
≈ ≈ §≈ ###.#.# .#.
§§≈§§≈#..### ..# #
≈§≈§§§≈##.#..#..
§§≈§≈≈≈#... .. #
§≈≈≈≈≈≈##.# .### .
≈≈≈§≈≈≈#v@#.##..##
≈#§.§§vGGG.G5.....
§§≈§§v§...##..#.##
§≈≈§§v≈∩### #...
###§##.## .. #.. #
#.# #.. ...


You could see a spatial maelstrom, 3 spatial vortices, an iron imp and 4 golden
eyes.

Vanquished Creatures
  A quasit (Abyss:2)
1 creature vanquished.

Notes
Turn   | Place    | Note
-------+----------+-------------------------------------------
     0 | Abyss:1  | Lekart the Draconian Abyssal Knight began the quest for the
                  | Orb.
     0 | Abyss:1  | Reached XP level 1. HP: 19/19 MP: 2/2
    44 | Abyss:2  | Noticed a spatial vortex
    55 | Abyss:2  | Noticed a golden eye
    55 | Abyss:2  | Noticed a golden eye
    55 | Abyss:2  | Noticed a quasit
    57 | Abyss:2  | Noticed a golden eye
    57 | Abyss:2  | Noticed a golden eye
    58 | Abyss:2  | Noticed a golden eye
    91 | Abyss:2  | Noticed a spatial maelstrom
    91 | Abyss:2  | Killed a quasit
    95 | Abyss:2  | Noticed a spatial vortex
    95 | Abyss:2  | Noticed an iron imp
    97 | Abyss:2  | Noticed a spatial vortex
    97 | Abyss:2  | Noticed a spatial vortex
    98 | Abyss:2  | Mangled by a spatial maelstrom

Illustrated notes

Levels and vault maps discovered:
Abyss:2:  base: Temple, base:
Temple

Action                   || total
-------------------------++-------
Melee: Falchion          ||    13
Armor: Skin              ||    15
Dodge: Dodged            ||    18

Table legend: (Time is in decaauts)
 A = Elapsed time spent in this place.
 B = Non-inter-level travel time spent in this place.
 C = Inter-level travel time spent in this place.
 D = Time resting spent in this place.
 E = Time spent auto-exploring this place.
 F = Levels seen in this place.
 G = Mean time per level.
                   A        B        C        D        E       F      G
               +--------+--------+--------+--------+--------+-----+--------+
         Total |    100 |    100 |      0 |      0 |     40 |   2 |   50.0 |
         Abyss |    100 |    100 |      0 |      0 |     40 |   2 |   50.0 |
               +--------+--------+--------+--------+--------+-----+--------+

Top non-repeatable levels by time:
 Abyss:2: 98 daAuts
 Abyss:1: 2 daAuts
